 Dungeon Crawl Stone Soup version 0.28.0-53-g5a82cb258f (webtiles) character file.

Game seed: 3564744612912360848

84 Ashen the Grave Robber (level 4, -10/42 HPs)
             Began as an Ogre Necromancer on June 29, 2022.
             Mangled by a gnoll
             ... wielding a +0 halberd
              (14 damage)
             ... on level 3 of the Dungeon.
             The game lasted 00:05:29 (3895 turns).

Ashen the Grave Robber (Ogre Necromancer)           Turns: 3895, Time: 00:05:29

Health: -10/42     AC:  3    Str: 12    XL:     4   Next: 45%
Magic:  9/9        EV: 10    Int: 18    God:
Gold:   14         SH:  0    Dex:  9    Spells: 1/10 levels left

rFire   . . .      SeeInvis .   n - +2 dagger (venom)
rCold   . . .      Faith    .   (no shield)
rNeg    . . .      Spirit   .   a - +0 robe
rPois   .          Reflect  .   (helmet restricted)
rElec   .          Harm     .   (no cloak)
rCorr   .          Rampage  .   (gloves unavailable)
Will    .....                   (boots unavailable)
Stlth   ++........              (no amulet)
HPRegen 0.14/turn               (no ring)
MPRegen 0.11/turn               (no ring)

@: no status effects
A: large, unfitting armour, tough skin 1
a: no special abilities


You were on level 3 of the Dungeon.
You visited 1 branch of the dungeon, and saw 3 of its levels.

You collected 80 gold pieces.
You spent 66 gold pieces at shops.

Inventory:

Hand Weapons
 n - a +2 dagger of venom (weapon)
Armour
 a - a +0 robe (worn)
Jewellery
 h - a ring of poison resistance
 k - a ring of fire
Scrolls
 f - a scroll of teleportation {unknown}
 g - a scroll of fear {unknown}
 i - 2 scrolls of enchant armour {unknown}
 j - a scroll of torment {unknown}
 l - 2 scrolls of magic mapping
 m - a scroll of noise {unknown}
Potions
 b - a potion of magic
 c - a potion of mutation {unknown}
 d - 2 potions of curing
 e - a potion of brilliance {unknown}


   Skills:
 + Level 2.0 Fighting
 + Level 2.2 Dodging
 + Level 1.9 Stealth
 * Level 3.6 Spellcasting
 + Level 3.9 Necromancy


You had one spell level left.
You knew the following spells:

 Your Spells              Type           Power      Damage    Failure   Level
a - Pain                  Necr           68%        1d7       3%          1
b - Animate Skeleton      Necr           34%        N/A       3%          1
c - Vampiric Draining     Necr           17%        2d7       10%         3
d - Animate Dead          Necr           8%         N/A       30%         4

Your spell library contained the following spells:

 Spells                   Type           Power      Damage    Failure   Level
 Blink                    Tloc           6%         N/A       24%         2
 Agony                    Necr           17%        N/A       65%         5
 Manifold Assault         Tloc           3%         N/A       99%         5
 Storm Form               Tmut/Air       1%         N/A       100%        7


Dungeon Overview and Level Annotations

Branches:
Dungeon (3/15)

Altars:
Dithmenos

Shops:
D:3 ?


Innate Abilities, Weirdness & Mutations

You are too large for most types of armour.
You have tough skin. (AC +1)


Message History

Aim: an endoplasm (chance to affect: 87%)
The endoplasm writhes in agony!
You kill the endoplasm!
There is an open door here.
You see here an adder skeleton.
You see here a +0 club.
There is an escape hatch in the ceiling here.
Found a whip.
Found a stone staircase leading up.
There is a stone staircase leading up here. 3 gnolls come into view.
Casting: Pain (safe; 3% risk of failure)
Confirm with . or Enter, or press ? or * to list all spells.
Okay, then.
The gnoll shouts! x2
The gnoll hits you but does no damage. The gnoll closely misses you.
You hit the gnoll.
The gnoll is poisoned.
The gnoll is moderately wounded.
The gnoll closely misses you.
The gnoll hits you from afar with a +0 halberd!
You barely miss the gnoll.
The gnoll is severely wounded.
The gnoll closely misses you. The gnoll barely misses you.
You hit the gnoll.
You kill the gnoll!
The gnoll misses you. The gnoll hits you with a +0 halberd!
Things that are here:
a +0 whip; 2 throwing nets; a gnoll corpse You hit the gnoll.
The gnoll is poisoned.
The gnoll is lightly wounded.
The gnoll hits you with a +0 halberd!
You hit the gnoll.
The gnoll looks as sick as possible!
The gnoll is heavily wounded.
The gnoll hits you with a +0 halberd!
* * * LOW HITPOINT WARNING * * *
You hit the gnoll but do no damage.
The gnoll looks as sick as possible!
The gnoll is heavily wounded.
The gnoll hits you with a +0 halberd!
You die...

#.# #.# #.# #.#
#.# #g# #g# #@#
##############.# #
#.)##...<......#
###..##.##########
§##..##.#
§.#..##.#
.....##.#
........#
§...#####


You could see 2 gnolls.

Vanquished Creatures
  A gnoll (D:3)
  2 adders
  A worm (D:3)
  2 orcs (D:3)
  3 ball pythons
  6 bats
  8 endoplasms
  2 giant cockroaches (D:1)
  6 goblins
  5 hobgoblins (D:1)
  3 kobolds
  A quokka (D:2)
  3 frilled lizards
  4 rats
47 creatures vanquished.

Notes
Turn   | Place    | Note
-------+----------+-------------------------------------------
     0 | D:1      | Ashen the Ogre Necromancer began the quest for the Orb.
     0 | D:1      | Reached XP level 1. HP: 16/16 MP: 3/3
    82 | D:1      | Learned a level 1 spell: Animate Skeleton
   303 | D:1      | Reached XP level 2. HP: 26/26 MP: 3/5
   502 | D:1      | Found a faded altar of an unknown god.
   840 | D:1      | Reached skill level 1 in Fighting
  1745 | D:2      | Reached XP level 3. HP: 31/33 MP: 4/7
  2909 | D:3      | Found a shadowy altar of Dithmenos.
  2948 | D:3      | Found Koxe Cust's Magic Scroll Shoppe.
  2956 | D:3      | Bought a scroll of identify for 24 gold pieces
  2956 | D:3      | Bought a scroll of magic mapping for 42 gold pieces
  3027 | D:3      | Learned a level 3 spell: Vampiric Draining
  3090 | D:3      | Reached XP level 4. HP: 35/42 MP: 0/9
  3176 | D:3      | Learned a level 4 spell: Animate Dead
  3895 | D:3      | Mangled by a gnoll

Illustrated notes

Levels and vault maps discovered:
D:1:      wheals_arrival_linesprint, layout_basic,
          hellmonk_ecumenical_altar_crossroads, columned_hall_lemuel,
          minmay_pentomino_v2
D:2:      layout_basic, serial_curves, eino_curves_03, eino_curves_02,
          eino_curves_04
D:3:      layout_basic, nicolae_dithmenos_the_darkroom, serial_shops,
          shop_scrolls, serial_corexii_hall, corexii_hall_statues_x,
          chequers_hall_statues_wall_a

Skill      XL: |  1  2  3  4 |
---------------+-------------+-----
Spellcasting   | 3 |  3.6
Fighting       | 1 2 |  2.0
Dodging        | 2 |  2.2
Stealth        | |  1.9
Necromancy     | |  3.9

Action                   |  1- 3 |  4- 6 || total
-------------------------+-------+-------++-------
Melee: Unarmed           |     6 |       ||     6
       Quarterstaff      |     1 |       ||     1
       Dagger            |       |    11 ||    11
 Cast: Pain              |    82 |     7 ||    89
       Animate Skeleton  |    16 |     2 ||    18
  Use: Scroll            |     2 |       ||     2
Armor: Robe              |     8 |     2 ||    10
Dodge: Dodged            |    13 |     8 ||    21
